 Dungeon Sprint DCSS version 0.21.1-1-g345015fe64 (webtiles) character file.

1505 Htamos the Grappler (level 8, -4/145 HPs)
             Began as a Troll Berserker on July 13, 2018.
             Was an Elder of Trog.
             Slain by a demonic crawler (5 damage)
             ... in the Dungeon (Sprint I: "Red Sonja").
             The game lasted 00:02:56 (381 turns).

Htamos the Grappler (Troll Berserker)                Turns: 381, Time: 00:02:56

Health: -4/145     AC:  5    Str: 33    XL:     8   Next: 52%
Magic:  7/7        EV: 10    Int:  3    God:    Trog [****..]
Gold:   363        SH:  0    Dex:  9    Spells: 7/7 levels left

rFire    . . .     SeeInvis .     - Unarmed
rCold    . . .     Gourm    +   (no shield)
rNeg     . . .     Faith    .   a - +0 animal skin
rPois    .         Spirit   .   (helmet restricted)
rElec    .         Reflect  .   (no cloak)
rCorr    .         Harm     .   (gloves unavailable)
MR       .....     NoTele   +   (boots unavailable)
Stlth    ..........             (no amulet)
HPRegen  0.74/turn              (no ring)
MPRegen  0.10/turn              (no ring)

@: berserking, very quick
A: large, unfitting armour, claws 3, fast metabolism 3, gourmand, regeneration
1, shaggy fur 1, tough skin 2
a: Berserk, Trog's Hand, Brothers in Arms, Burn Spellbooks, Renounce Religion


You were in the Dungeon.
You worshipped Trog.
Trog was greatly pleased with you.
You were full.

You visited 1 branch You collected 405 gold pieces.
You spent 42 gold pieces at shops.

Inventory:

Armour
 a - a +0 animal skin (worn)
Wands
 i - a wand of polymorph (11)
 k - a wand of digging (12)
Scrolls
 h - a scroll of blinking
 j - a scroll of fear
Potions
 c - a potion of curing
 e - a potion of haste
 f - 2 potions of magic
 g - a potion of berserk rage
Comestibles
 b - 2 rations


   Skills:
 + Level 11.5 Fighting
 - Level 2.4 Dodging
 + Level 13.4 Unarmed Combat


You had 7 spell levels left.
You didn't know any spells.

Dungeon Overview and Level Annotations

Branches:
Dungeon (1/1)

Altars:
Cheibriados
Dithmenos
Elyvilon
Fedhas
Gozag
Hepliaklqana
Kikubaaqudgha
Makhleb
Nemelex Xobeh
Okawaru
Qazlal
Ru
Sif Muna
Trog
Uskayaw
Vehumet
Wu Jian
Xom
Yredelemnul
Zin
The Shining One
Jiyva
Lugonu

Shops:
D ?


Innate Abilities, Weirdness & Mutations

You are too large for most types of armour.
You have claws for hands.
Your metabolism is lightning-fast.
You like to eat raw meat.
Your natural rate of healing is unusually fast.
You are covered in fur. (AC +1)
You have very tough skin. (AC +2)


Message History

You are too berserk!
You completely miss the demonic crawler.
The demonic crawler is severely wounded.
The demonic crawler completely misses you.
The demonic crawler hits you.
* * * LOW HITPOINT WARNING * * *
The demonic crawler hits you!
* * * LOW HITPOINT WARNING * * *
Unknown command.
You mangle the demonic crawler!!
You kill the demonic crawler!
Trog accepts your kill.
Unknown command.
Unknown command.
You scratch the demonic crawler but do no damage.
The demonic crawler hits you!
* * * LOW HITPOINT WARNING * * *
The demonic crawler hits you but does no damage.
The demonic crawler hits you.
You die...

######################
..)..#.)'..#__#.@ss..#
..#..'..#..'..'.s#)..#
####'#####'#__####...'..#
###..#...#.#### #####..+
__####..##(# +##
_____##'#_.+ _.∩...'..._#
_..__##_.#'# _____###+#.#


You could see 3 demonic crawlers.

Vanquished Creatures
  2 kobold demonologists (D)
  A demonic crawler (D)
  A slime creature (D)
  Sigmund (D)
  A yak (D)
  A floating eye (D)
  An ogre (D)
  A jelly (D)
  Ijyb (D)
10 creatures vanquished.

Notes
Turn   | Place    | Note
-------+----------+-------------------------------------------
     0 | D        | Htamos the Troll Berserker began the quest for the Orb.
     0 | D        | Reached XP level 1. HP: 22/22 MP: 0/0
     2 | D        | Noticed Ijyb
    40 | D        | Killed Ijyb
    40 | D        | Reached skill level 5 in Unarmed Combat
    40 | D        | Reached XP level 2. HP: 32/32 MP: 1/1
    48 | D        | Noticed an ogre
    54 | D        | Killed an ogre
    54 | D        | Reached skill level 5 in Fighting
    54 | D        | Reached skill level 7 in Unarmed Combat
    54 | D        | Reached XP level 3. HP: 32/44 MP: 2/2
    54 | D        | Reached XP level 4. HP: 38/52 MP: 3/3
    92 | D        | Noticed Sigmund
    94 | D        | Killed Sigmund
    94 | D        | Reached ** piety under Trog
    94 | D        | Reached skill level 9 in Unarmed Combat
    94 | D        | Reached XP level 5. HP: 46/63 MP: 4/4
   121 | D        | Found an ornate altar of the Wu Jian Council.
   121 | D        | Found a deep blue altar of Sif Muna.
   123 | D        | Found a radiant altar of Vehumet.
   126 | D        | Reached XP level 6. HP: 72/72 MP: 5/5
   128 | D        | Found a viscous altar of Jiyva.
   128 | D        | Found a corrupted altar of Lugonu.
   128 | D        | Noticed a slime creature
   129 | D        | Found a burning altar of Makhleb.
   129 | D        | Found a shimmering altar of Xom.
   133 | D        | Killed a slime creature
   133 | D        | Reached skill level 10 in Unarmed Combat
   203 | D        | Found Gogo's Magic Scroll Emporium.
   203 | D        | Found an ancient bone altar of Kikubaaqudgha.
   203 | D        | Found a hazy altar of Hepliaklqana.
   203 | D        | Found a stormy altar of Qazlal.
   203 | D        | Found a hide-covered altar of Uskayaw.
   203 | D        | Found a blossoming altar of Fedhas.
   203 | D        | Found a bloodstained altar of Trog.
   203 | D        | Found an iron altar of Okawaru.
   203 | D        | Found a basalt altar of Yredelemnul.
   203 | D        | Found a glowing golden altar of the Shining One.
   203 | D        | Found a snail-covered altar of Cheibriados.
   203 | D        | Found a sacrificial altar of Ru.
   203 | D        | Found a glowing silver altar of Zin.
   203 | D        | Found a shadowy altar of Dithmenos.
   203 | D        | Found a white marble altar of Elyvilon.
   203 | D        | Noticed a yak
   206 | D        | Killed a yak
   206 | D        | Reached *** piety under Trog
   206 | D        | Reached skill level 11 in Unarmed Combat
   206 | D        | Reached XP level 7. HP: 61/84 MP: 6/6
   208 | D        | Found an opulent altar of Gozag.
   222 | D        | Found a sparkling altar of Nemelex Xobeh.
   226 | D        | Bought a scroll of fear for 42 gold pieces
   256 | D        | Noticed a kobold demonologist
   257 | D        | Noticed a kobold demonologist
   258 | D        | Noticed a chaos spawn
   260 | D        | Noticed a chaos spawn
   261 | D        | Paralysed by a floating eye for 2 turns
   270 | D        | Paralysed by a floating eye for 4 turns
   276 | D        | Killed a kobold demonologist
   276 | D        | Reached skill level 10 in Fighting
   276 | D        | Reached skill level 12 in Unarmed Combat
   279 | D        | Paralysed by a floating eye for 3 turns
   280 | D        | Noticed an ice devil
   285 | D        | Killed a kobold demonologist
   285 | D        | Reached **** piety under Trog
   285 | D        | Reached XP level 8. HP: 63/96 MP: 7/7
   287 | D        | Reached skill level 13 in Unarmed Combat
   367 | D        | Noticed a demonic crawler
   367 | D        | Noticed a demonic crawler
   367 | D        | Noticed a demonic crawler
   367 | D        | Noticed a demonic crawler
   379 | D        | HP: 7/145 [demonic crawler (10)]
   380 | D        | Killed a demonic crawler
   381 | D        | HP: 1/145 [demonic crawler (7)]
   381 | D        | Slain by a demonic crawler

Skill      XL: |  1  2  3  4  5  6  7  8 |
---------------+-------------------------+-----
Fighting       | 4 5 7 8 9 10 11 | 11.5
Unarmed Combat | 5 7 9 11 12 13 | 13.4
Dodging        | |  2.4

Action                   |  1- 3 |  4- 6 |  7- 9 || total
-------------------------+-------+-------+-------++-------
Melee: Unarmed           |    11 |     9 |    27 ||    47
       Punch             |       |       |     1 ||     1
Invok: Berserk           |     1 |       |     2 ||     3
  Use: Potion            |       |       |     1 ||     1
  Eat: Chunk             |       |     8 |       ||     8
Armor: Animal skin       |       |       |    20 ||    20
Dodge: Dodged            |     2 |     1 |    16 ||    19
